 Dungeon Crawl Stone Soup version 0.29.1-13-g9f3cf754e1 (webtiles) character file.

Game seed: 5635712832079813902

58 shadowmeld the Magician (level 4, -1/31 HPs)
             Began as a Djinni Ice Elementalist on Feb 5, 2023.
             Slain by a jackal (2 damage)
             ... on level 2 of the Dungeon.
             The game lasted 00:06:38 (1326 turns).

shadowmeld the Magician (Djinni Ice Elementalist)   Turns: 1326, Time: 00:06:39

Health: -1/31      AC:  3    Str:  7    XL:     4   Next: 21%
Gold:   51         EV: 12    Int: 19    God:
                   SH:  0    Dex: 13

rFire   + + .      SeeInvis .   (no weapon)
rCold   x . .      Faith    .   (no shield)
rNeg    . . .      Spirit   .   a - +0 robe
rPois   ∞          Reflect  .   (no helmet)
rElec   .          Harm     .   (no cloak)
rCorr   .          Rampage  .   c - +0 pair of gloves
Will    .....                   (boots unavailable)
Stlth   ++........              (no amulet)
HPRegen 0.10/turn               (no ring)
MPRegen 0.00/turn               (no ring)

@: flying
A: sickness immunity, fire resistance 2, cold vulnerability 1, float, innate
caster, HP casting, extra vitality 1
a: no special abilities


You were on level 2 of the Dungeon.
You visited 1 branch of the dungeon, and saw 2 of its levels.

You collected 51 gold pieces.

Inventory:

Missiles
 e - 3 poisoned darts
Armour
 a - a +0 robe (worn)
 c - a +0 pair of gloves (worn)
Scrolls
 b - a scroll of poison {unknown}
 d - 2 scrolls of teleportation {unknown}
 f - a scroll of vulnerability {unknown}
 i - a scroll of butterflies {unknown}
Potions
 g - a potion of heal wounds {unknown}
 h - a potion of curing {unknown}
 j - a potion of flight {unknown}
 k - a potion of mutation {unknown}
 l - a potion of cancellation {unknown}


   Skills:
 * Level 0.9 Fighting
 * Level 2.4 Dodging
 - Level 1.5 Stealth
 * Level 4.1 Spellcasting


You couldn't memorise any spells.
You knew the following spells:

 Your Spells              Type           Power      Damage    Failure   Level
a - Freeze                Ice            76%        1d9       2%          1
b - Frozen Ramparts       Ice            38%        1d6       8%          3
c - Ozocubu's Armour      Ice            19%        N/A       8%          3
d - Hailstorm             Conj/Ice       19%        3d6       24%         4
e - Summon Small Mammal   Summ           76%        N/A       2%          1
Your spell library was empty.

Dungeon Overview and Level Annotations

Branches:
Dungeon (2/15)

Altars:


Innate Abilities, Weirdness & Mutations

You are immune to sickness and miasma.
You are immune to poison.
Your flesh is very heat resistant. (rF++)
You are vulnerable to cold. (rC-)
You float through the air rather than walking.
You learn spells naturally, not from books.
Your magical power is your life essence.
You have superior vitality. (+4 MHP)


Message History

You kill the gnoll!
* * * LOW HITPOINT WARNING * * *
You have reached level 4!
You feel clever.
You start resting.
The frozen ramparts melt away.
You start resting.
A jackal comes into view.
A jackal is nearby!
You start resting.
A jackal is nearby!
Aiming: Freeze (safe; 2% risk of failure)
Press: ? - help, Q - select action, (/) - cycle Shift-Dir - straight line, f - jackal
Aim: a jackal (wandering, hasn't noticed you)
You freeze the jackal!
You kill the jackal!
* * * LOW HITPOINT WARNING * * *
You start resting.
A jackal comes into view.
A jackal comes into view.
Aiming: Freeze (safe; 2% risk of failure)
Press: ? - help, Q - select action, (/) - cycle Shift-Dir - straight line, f - jackal
Aim: a jackal (wandering, hasn't noticed you)
You freeze the jackal!
You kill the jackal!
The jackal barks!
* * * LOW HITPOINT WARNING * * *
Aiming: Freeze (safe; 2% risk of failure)
Press: ? - help, Q - select action, (/) - cycle Shift-Dir - straight line, f - jackal
Aim: a jackal You freeze the jackal.
The jackal is severely wounded.
* * * LOW HITPOINT WARNING * * *
The jackal bites you but does no damage.
The jackal barely misses you.
You don't have enough health to cast this spell.
You closely miss the jackal.
The jackal is severely wounded.
The jackal bites you.
You die...

#..# #..#
#..###############
#.................
#.################
#.†.# # ###.#
#.###.# #.h@..#
#.###.# # ###


You could see a jackal.

Vanquished Creatures
  3 gnolls (D:2)
  A dart slug (D:1)
  An endoplasm (D:1)
  A giant cockroach (D:2)
  2 goblins (D:1)
  2 hobgoblins (D:1)
  5 jackals
  3 quokkas (D:1)
  2 ball pythons
  2 bats (D:1)
  3 frilled lizards
25 creatures vanquished.

Vanquished Creatures (others)
  9 plants (D:1)
9 creatures vanquished.

Grand Total: 34 creatures vanquished

Notes
Turn   | Place    | Note
-------+----------+-------------------------------------------
     0 | D:1      | shadowmeld the Djinni Ice Elementalist began the quest for
                  | the Orb.
     0 | D:1      | shadowmeld set off with the following spells memorised:
                  | Freeze, Frozen Ramparts, Ozocubu's Armour, Hailstorm.
     0 | D:1      | Reached XP level 1. HP: 15/15 MP: 0/0
   324 | D:1      | Reached XP level 2. HP: 19/21 MP: 0/0
   821 | D:1      | Found a faded altar of an unknown god.
  1005 | D:1      | Reached XP level 3. HP: 24/26 MP: 0/0
  1005 | D:1      | Learned a level 1 spell: Summon Small Mammal
  1308 | D:2      | Reached skill level 4 in Spellcasting
  1310 | D:2      | Reached XP level 4. HP: 3/31 MP: 0/0
  1326 | D:2      | Slain by a jackal

Illustrated notes

Levels and vault maps discovered:
D:1:      dpeg_arrival_arbitrary_a, layout_basic,
          dilly_ecumenical_altar_fadedgnrine
D:2:      layout_basic, basic_altar

Skill      XL: |  1  2  3 |
---------------+----------+-----
Spellcasting   | 4 |  4.1
Fighting       | |  0.9
Dodging        | |  2.4
Stealth        | |  1.5

Action                   |  1- 3 |  4- 6 || total
-------------------------+-------+-------++-------
Melee: Unarmed           |       |     1 ||     1
 Cast: Freeze            |    36 |     3 ||    39
       Frozen Ramparts   |     1 |       ||     1
Armor: Robe              |     4 |     1 ||     5
Dodge: Dodged            |    15 |     1 ||    16
